NULL
Full Scoreboard »»

Coyotes vs Red Wings

Created - April 11, 2024 at 00:04

Goals
1 2 3 OT1 T
Coyotes 0 1 2 0 3
Red Wings 1 0 2 1 4
Shots
1 2 3 OT1 T
Coyotes 9 11 12 0 32
Red Wings 12 12 10 1 35

GoalsPenalties
1st period
1. Red Wings , Brayden Point 39 (Drake Batherson 27, Samuel Honzek 18) at 4:32
Torey Krug (DET) for Tripping (Minor) at 7:27
Matt Benning (DET) for Fighting (Major) at 12:03
Olli Maatta (ARI) for Fighting (Major) at 12:03
Daniel Sprong (DET) for High sticking (Minor) at 12:57
2nd period
2. Coyotes , Tyler Toffoli 23 (Evgeny Kuznetsov 26, Matt Duchene 28) at 0:43
No Penalty
3rd period
3. Red Wings , Drake Batherson 25 (Charlie McAvoy 40, Brayden Point 38) at 0:33
4. Coyotes , Alexander Barabanov 28 (Tomas Tatar 21, Mathieu Perreault 7) at 8:10
5. Red Wings , Brayden Point 40 (Drake Batherson 28, Torey Krug 24) at 10:16 (PP)
6. Coyotes , Mathieu Perreault 6 (Patric Hornqvist 9, Alexander Barabanov 29) at 16:00
Tomas Tatar (ARI) for Roughing (Minor) at 9:05
Overtime #1
7. Red Wings , Kevin Hayes 19 (Brayden Point 39, Torey Krug 25) at 0:47
No Penalty
Goalie Stats
Kaapo Kahkonen (ARI), 31 saves from 35 shots - (0.886), OTL, 5-6-5, 60:47 minutes
Casey Desmith (DET), 29 saves from 32 shots - (0.906), W, 10-6-1, 60:47 minutes
3 StarsOfficial
1 - Brayden Point (DET)
2 - Drake Batherson (DET)
3 - Charlie McAvoy (DET)
Referees : Unknown
Linesman : Unknown
Game Note
Matt Benning and Olli Maatta fight to a draw at 12:03 of 1st period



Team Name Goals Shots Shots Attemp Shots Blocked PIM HIT PP PK FO%
Coyotes 33272107240 / 2 (0%)150%
Red Wings 43568129401 / 1 (100%)050%

Coyotes
Player Name POS G A P +/- PIM HIT SHT SB MP PP MP PP SHT PK MP PK SHT FO% FOT GA TA
Alexander BarabanovRW112-1012017:531:4900:0000% 300
Colin WhiteC000000005:180:0000:00050% 200
Darnell NurseD0000053125:051:5910:3500% 002
Devin ShoreC/LW/RW000000005:510:0400:1300% 000
Dylan DeMeloD0000011119:271:5910:3600% 001
Evgeny KuznetsovC/LW/RW0110041019:522:0500:39050% 230
Ivan ProvorovD000-1031023:531:5900:3500% 002
Jason ZuckerLW/RW000-2034217:541:4900:000100% 100
Marco ScandellaD0001000116:530:0000:0000% 001
Mathieu PerreaultC/LW1121011116:460:0000:2600% 002
Matt DucheneC/LW/RW0111013019:502:0520:32052% 2500
Olli MaattaD0001500115:010:0000:0000% 000
Patric HornqvistLW/RW0111023016:120:0000:0000% 000
Scott LaughtonC/LW0001013116:470:0400:00064% 1111
Steven LorentzC000000002:240:0400:0000% 000
T.J. BrodieD0000002020:271:5900:3600% 000
Tomas TatarC/LW/RW011-1223018:101:4900:00047% 1520
Tyler ToffoliLW/RW1011005223:252:0510:3200% 110
Red Wings
Player Name POS G A P +/- PIM HIT SHT SB MP PP MP PP SHT PK MP PK SHT FO% FOT GA TA
Artem ZubD000-2040020:230:0001:4500% 000
Brayden PointC/RW2241025017:541:1110:33045% 1110
Charlie McAvoyD0112051220:421:1100:5700% 012
Daniel SprongLW/RW0000263016:570:0001:050100% 101
Drake BathersonC/LW/RW1232033016:461:1100:3700% 000
Ilya MikheyevLW/RW000-2021115:230:0000:0000% 010
Jordan GreenwayLW/RW000003018:530:0000:0000% 001
Kevin HayesC/LW/RW101-1016015:170:0000:00062% 1321
Logan CoutureC/LW0001012016:461:1100:000100% 100
Luke EvangelistaRW0000031117:200:0001:4600% 100
Mario FerraroD000-2030220:370:0001:3500% 000
Matt BenningD000-1522018:380:0001:1600% 020
Nicolas RoyC/RW0000012117:280:0002:03056% 2700
Philip TomasinoRW000001118:530:0000:0000% 000
Ryan JohansenC/RW000-2013115:120:0000:0000% 012
Samuel HonzekC/LW0110002010:560:0001:5200% 600
Torey KrugD0223200219:321:1100:0000% 000
Travis HamonicD000-1023020:430:0002:2300% 010

Coyotes

5 vs 5 Forward
Line #Left WingCenterRight WingPHYDFOFWanted %Time %Time Play
1Tyler ToffoliMatt DucheneEvgeny Kuznetsov1223031%16:55
2Jason ZuckerTomas TatarAlexander Barabanov1223030%16:26
3Mathieu PerreaultScott LaughtonPatric Hornqvist1223030%16:12
4Devin ShoreColin WhiteTyler Toffoli1221010%5:18
5 vs 5 Defense
Line #DefenseDefensePHYDFOFWanted %Time %Time Play
1Darnell NurseIvan Provorov1223029%16:04
2T.J. BrodieDylan DeMelo1223031%16:47
3Olli MaattaMarco Scandella1223031%16:53
4Darnell NurseIvan Provorov122109%5:07
Power Play Forward
Line #Left WingCenterRight WingPHYDFOFWanted %Time %Time Play
1Tyler ToffoliMatt DucheneEvgeny Kuznetsov1225053%2:05
2Jason ZuckerTomas TatarAlexander Barabanov1225047%1:53
Power Play Defense
Line #DefenseDefensePHYDFOFWanted %Time %Time Play
1Darnell NurseIvan Provorov1225050%1:59
2T.J. BrodieDylan DeMelo1225050%1:59
Penalty Kill 4 Players Forward
Line #CenterWingPHYDFOFWanted %Time %Time Play
1Tyler ToffoliMatt Duchene1225045%0:32
2Evgeny KuznetsovTomas Tatar1225055%0:39
Penalty Kill 4 Players Defense
Line #DefenseDefensePHYDFOFWanted %Time %Time Play
1Darnell NurseIvan Provorov1225049%0:35
2T.J. BrodieDylan DeMelo1225051%0:36
Penalty Kill 3 Players
Line #WingPHYDFOFWanted %Time %Time PlayDefenseDefensePHYDFOFWanted %Time %Time Play
1Tyler Toffoli122500%0:00 Darnell NurseIvan Provorov122500%0:00
2Matt Duchene122500%0:00 T.J. BrodieDylan DeMelo122500%0:00
4 vs 4 Forward
Line #CenterWingPHYDFOFWanted %Time %Time Play
1Tyler ToffoliMatt Duchene122500%0:00
2Evgeny KuznetsovTomas Tatar122500%0:00
4 vs 4 Defense
Line #DefensePHYDFOFWanted %Time %Time Play
1Darnell NurseIvan Provorov122500%0:00
2T.J. BrodieDylan DeMelo122500%0:00
Last Minutes Offensive
Left WingCenterRight WingDefenseDefense
Tyler ToffoliMatt DucheneEvgeny KuznetsovDarnell NurseIvan Provorov
Last Minutes Defensive
Left WingCenterRight WingDefenseDefense
Tyler ToffoliMatt DucheneEvgeny KuznetsovDarnell NurseIvan Provorov
Time
Total ForwardTotal DefenseLast Minutes OffensiveLast Minutes Defensive
60:00 60:00 0:000:00
Extra Forwards
Normal PowerPlayPenalty Kill
Steven Lorentz, Scott Laughton, Mathieu PerreaultSteven Lorentz, Scott LaughtonMathieu Perreault
Extra Defensemen
Normal PowerPlayPenalty Kill
Olli Maatta, Marco Scandella, T.J. BrodieOlli Maatta, Marco ScandellaT.J. Brodie
Penalty Shots
Tyler Toffoli, Matt Duchene, Evgeny Kuznetsov, Tomas Tatar, Jason Zucker
Goalie
Kaapo Kahkonen, Vitek Vanecek
Custom OT Lines Forwards
Tyler Toffoli, Matt Duchene, Evgeny Kuznetsov, Tomas Tatar, Jason Zucker, Scott Laughton, Alexander Barabanov, Mathieu Perreault, Patric Hornqvist, Colin White
Custom OT Lines Defensemen
Darnell Nurse, Ivan Provorov, T.J. Brodie, Dylan DeMelo, Olli Maatta
Scratches
Brendan Smith (Healthy), Haydn Fleury (Healthy), Robby Fabbri (Healthy)

Red Wings

5 vs 5 Forward
Line #Left WingCenterRight WingPHYDFOFWanted %Time %Time Play
1Logan CoutureBrayden PointDrake Batherson1223028%15:17
2Ilya MikheyevKevin HayesRyan Johansen1223028%15:29
3Daniel SprongNicolas RoyLuke Evangelista1223028%15:12
4Jordan GreenwaySamuel HonzekPhilip Tomasino1221016%8:53
5 vs 5 Defense
Line #DefenseDefensePHYDFOFWanted %Time %Time Play
1Charlie McAvoyTorey Krug1223533%18:12
2Mario FerraroArtem Zub1223533%18:12
3Travis HamonicMatt Benning1223032%17:46
4Charlie McAvoyTorey Krug12201%0:41
Power Play Forward
Line #Left WingCenterRight WingPHYDFOFWanted %Time %Time Play
1Logan CoutureBrayden PointDrake Batherson12250100%1:11
2Ilya MikheyevKevin HayesRyan Johansen122500%0:00
Power Play Defense
Line #DefenseDefensePHYDFOFWanted %Time %Time Play
1Charlie McAvoyTorey Krug12250100%1:11
2Mario FerraroArtem Zub122500%0:00
Penalty Kill 4 Players Forward
Line #CenterWingPHYDFOFWanted %Time %Time Play
1Nicolas RoyDaniel Sprong1225062%2:27
2Samuel HonzekLuke Evangelista1225038%1:31
Penalty Kill 4 Players Defense
Line #DefenseDefensePHYDFOFWanted %Time %Time Play
1Matt BenningTravis Hamonic1225060%2:23
2Mario FerraroArtem Zub1225040%1:35
Penalty Kill 3 Players
Line #WingPHYDFOFWanted %Time %Time PlayDefenseDefensePHYDFOFWanted %Time %Time Play
1Brayden Point122500%0:00 Charlie McAvoyTorey Krug122500%0:00
2Logan Couture122500%0:00 Mario FerraroArtem Zub122500%0:00
4 vs 4 Forward
Line #CenterWingPHYDFOFWanted %Time %Time Play
1Brayden PointLogan Couture122500%0:00
2Drake BathersonKevin Hayes122500%0:00
4 vs 4 Defense
Line #DefensePHYDFOFWanted %Time %Time Play
1Charlie McAvoyTorey Krug122500%0:00
2Mario FerraroArtem Zub122500%0:00
Last Minutes Offensive
Left WingCenterRight WingDefenseDefense
Logan CoutureBrayden PointDrake BathersonCharlie McAvoyTorey Krug
Last Minutes Defensive
Left WingCenterRight WingDefenseDefense
Logan CoutureBrayden PointDrake BathersonCharlie McAvoyTorey Krug
Time
Total ForwardTotal DefenseLast Minutes OffensiveLast Minutes Defensive
60:00 60:00 0:000:00
Extra Forwards
Normal PowerPlayPenalty Kill
Nicolas Roy, Daniel Sprong, Luke EvangelistaNicolas Roy, Daniel SprongLuke Evangelista
Extra Defensemen
Normal PowerPlayPenalty Kill
Travis Hamonic, Matt Benning, Mario FerraroTravis Hamonic, Matt BenningMario Ferraro
Penalty Shots
Brayden Point, Logan Couture, Drake Batherson, Kevin Hayes, Ryan Johansen
Goalie
Casey Desmith, John Gibson
Custom OT Lines Forwards
Brayden Point, Logan Couture, Drake Batherson, Kevin Hayes, Ryan Johansen, Nicolas Roy, Ilya Mikheyev, Daniel Sprong, Luke Evangelista, Samuel Honzek
Custom OT Lines Defensemen
Charlie McAvoy, Torey Krug, Mario Ferraro, Artem Zub, Travis Hamonic
Scratches
Jack Drury (Healthy), Jake Muzzin (Healthy)


Play-by-Play

1st period


0:01 of 1st period - Brayden Point wins face-off versus Matt Duchene in neutral zone.
0:14 of 1st period - Snap shot by Matt Duchene.
0:14 of 1st period - Shot Blocked by Torey Krug.
0:16 of 1st period - Slapshot by Darnell Nurse.
0:16 of 1st period - Deflect By Charlie McAvoy.
0:16 of 1st period - Stopped by Casey Desmith without a rebound.
0:17 of 1st period - Kevin Hayes wins face-off versus Tomas Tatar in Red Wings zone.
0:17 of 1st period - Ryan Johansen is hit by Alexander Barabanov and loses puck.
0:24 of 1st period - Slapshot by Artem Zub.
0:24 of 1st period - Shot Misses the Net.
0:30 of 1st period - Slapshot by Ryan Johansen.
0:30 of 1st period - Stopped by Kaapo Kahkonen without a rebound.
0:31 of 1st period - Nicolas Roy wins face-off versus Scott Laughton in Coyotes zone.
0:34 of 1st period - Snap shot by Luke Evangelista.
0:34 of 1st period - Stopped by Kaapo Kahkonen with a rebound.
0:36 of 1st period - Slapshot by Travis Hamonic.
0:36 of 1st period - Stopped by Kaapo Kahkonen without a rebound.
0:37 of 1st period - Scott Laughton wins face-off versus Luke Evangelista in Coyotes zone.
0:46 of 1st period - Wrist shot by Scott Laughton.
0:46 of 1st period - Stopped by Casey Desmith without a rebound.
0:47 of 1st period - Colin White wins face-off versus Samuel Honzek in Red Wings zone.
1:14 of 1st period - Darnell Nurse is hit by Mario Ferraro and loses puck.
1:24 of 1st period - Dylan DeMelo is hit by Kevin Hayes and loses puck.
1:57 of 1st period - Jason Zucker is hit by Brayden Point and loses puck.
2:02 of 1st period - Slapshot by Brayden Point.
2:02 of 1st period - Stopped by Kaapo Kahkonen with a rebound.
2:04 of 1st period - Snap shot by Logan Couture.
2:04 of 1st period - Shot Misses the Net.
2:06 of 1st period - Snap shot by Logan Couture.
2:06 of 1st period - Deflect By Brayden Point.
2:06 of 1st period - Shot Misses the Net.
2:06 of 1st period - Puck is out of play.
2:07 of 1st period - Scott Laughton wins face-off versus Nicolas Roy in Coyotes zone.
2:43 of 1st period - Kevin Hayes is hit by Evgeny Kuznetsov.
3:51 of 1st period - Tyler Toffoli is hit by Travis Hamonic and loses puck.
4:32 of 1st period - Snap shot by Brayden Point.
4:32 of 1st period - Goal by Brayden Point - Coyotes : 0 - Red Wings : 1.
4:33 of 1st period - Scott Laughton wins face-off versus Nicolas Roy in neutral zone.
4:36 of 1st period - Luke Evangelista is hit by Darnell Nurse and loses puck.
4:45 of 1st period - Snap shot by Luke Evangelista.
4:45 of 1st period - Shot Misses the Net.
4:47 of 1st period - Slapshot by Travis Hamonic.
4:47 of 1st period - Stopped by Kaapo Kahkonen without a rebound.
4:48 of 1st period - Matt Duchene wins face-off versus Kevin Hayes in Coyotes zone.
5:13 of 1st period - Scott Laughton is hit by Luke Evangelista and loses puck.
5:35 of 1st period - Off-side.
5:36 of 1st period - Brayden Point wins face-off versus Alexander Barabanov in neutral zone.
5:53 of 1st period - Wrist shot by Jason Zucker.
5:53 of 1st period - Shot Misses the Net.
5:55 of 1st period - Snap shot by Tomas Tatar.
5:55 of 1st period - Shot Misses the Net.
5:57 of 1st period - Backhand shot by Jason Zucker.
5:57 of 1st period - Stopped by Casey Desmith without a rebound.
5:58 of 1st period - Matt Duchene wins face-off versus Nicolas Roy in Red Wings zone.
6:03 of 1st period - Wrist shot by Matt Duchene.
6:03 of 1st period - Shot Blocked by Luke Evangelista.
6:25 of 1st period - Mario Ferraro is hit by Darnell Nurse and loses puck.
6:32 of 1st period - Snap shot by Mathieu Perreault.
6:32 of 1st period - Deflect By Patric Hornqvist.
6:32 of 1st period - Shot Misses the Net.
6:32 of 1st period - Puck is out of play.
6:33 of 1st period - Nicolas Roy wins face-off versus Matt Duchene in Red Wings zone.
6:48 of 1st period - Wrist shot by Daniel Sprong.
6:48 of 1st period - Shot Blocked by Dylan DeMelo.
7:27 of 1st period - Minor Penalty to Torey Krug for Tripping.
7:28 of 1st period - Nicolas Roy wins face-off versus Evgeny Kuznetsov in Red Wings zone.
8:02 of 1st period - Wrist shot by Tyler Toffoli.
8:02 of 1st period - Stopped by Casey Desmith with a rebound.
8:16 of 1st period - Slapshot by Matt Duchene.
8:16 of 1st period - Deflect By Nicolas Roy.
8:16 of 1st period - Stopped by Casey Desmith with a rebound.
8:18 of 1st period - Wrist shot by Darnell Nurse.
8:18 of 1st period - Stopped by Casey Desmith with a rebound.
8:20 of 1st period - Snap shot by Matt Duchene.
8:20 of 1st period - Stopped by Casey Desmith without a rebound.
8:21 of 1st period - Tomas Tatar wins face-off versus Samuel Honzek in Red Wings zone.
8:26 of 1st period - Slapshot by Alexander Barabanov.
8:26 of 1st period - Shot Misses the Net.
8:28 of 1st period - Snap shot by Tomas Tatar.
8:28 of 1st period - Shot Misses the Net.
8:30 of 1st period - Slapshot by T.J. Brodie.
8:30 of 1st period - Shot Misses the Net.
8:32 of 1st period - Snap shot by Alexander Barabanov.
8:32 of 1st period - Shot Blocked by Mario Ferraro.
8:34 of 1st period - Slapshot by Dylan DeMelo.
8:34 of 1st period - Stopped by Casey Desmith with a rebound.
9:27 of 1st period - Penalty to Torey Krug is over, Torey Krug is back on ice.
9:28 of 1st period - Torey Krug is hit by Jason Zucker.
9:42 of 1st period - Mathieu Perreault is hit by Drake Batherson and loses puck.
9:59 of 1st period - Olli Maatta is hit by Ryan Johansen and loses puck.
10:04 of 1st period - Wrist shot by Kevin Hayes.
10:04 of 1st period - Shot Misses the Net.
10:18 of 1st period - Wrist shot by Samuel Honzek.
10:18 of 1st period - Stopped by Kaapo Kahkonen without a rebound.
10:19 of 1st period - Scott Laughton wins face-off versus Samuel Honzek in Coyotes zone.
10:51 of 1st period - Snap shot by Drake Batherson.
10:51 of 1st period - Deflect By Logan Couture.
10:51 of 1st period - Stopped by Kaapo Kahkonen without a rebound.
10:52 of 1st period - Nicolas Roy wins face-off versus Tomas Tatar in Coyotes zone.
11:03 of 1st period - Nicolas Roy is hit by Jason Zucker and loses puck.
11:45 of 1st period - Snap shot by Scott Laughton.
11:45 of 1st period - Shot Misses the Net.
11:47 of 1st period - Slapshot by Darnell Nurse.
11:47 of 1st period - Shot Misses the Net.
11:49 of 1st period - Snap shot by Mathieu Perreault.
11:49 of 1st period - Shot Misses the Net.
11:51 of 1st period - Snap shot by Scott Laughton.
11:51 of 1st period - Shot Misses the Net.
11:55 of 1st period - Snap shot by Scott Laughton.
11:55 of 1st period - Stopped by Casey Desmith with a rebound.
11:57 of 1st period - Wrist shot by Mathieu Perreault.
11:57 of 1st period - Deflect By Ilya Mikheyev.
11:57 of 1st period - Shot Misses the Net.
11:57 of 1st period - Puck is out of play.
11:58 of 1st period - Matt Duchene wins face-off versus Nicolas Roy in Red Wings zone.
11:58 of 1st period - Matt Duchene is hit by Daniel Sprong.
12:03 of 1st period - Matt Benning and Olli Maatta fight to a draw.
12:03 of 1st period - Penalty to Matt Benning for Fighting.
12:03 of 1st period - Penalty to Olli Maatta for Fighting.
12:04 of 1st period - Nicolas Roy wins face-off versus Matt Duchene in Red Wings zone.
12:32 of 1st period - Off-side.
12:33 of 1st period - Logan Couture wins face-off versus Tomas Tatar in neutral zone.
12:49 of 1st period - Off-side.
12:50 of 1st period - Nicolas Roy wins face-off versus Matt Duchene in neutral zone.
12:57 of 1st period - Minor Penalty to Daniel Sprong for High sticking.
12:58 of 1st period - Tomas Tatar wins face-off versus Samuel Honzek in Red Wings zone.
13:12 of 1st period - Dylan DeMelo is hit by Luke Evangelista and loses puck.
13:29 of 1st period - Nicolas Roy is hit by Evgeny Kuznetsov and loses puck.
13:40 of 1st period - Wrist shot by Matt Duchene.
13:40 of 1st period - Shot Misses the Net.
14:57 of 1st period - Penalty to Daniel Sprong is over, Daniel Sprong is back on ice.
15:02 of 1st period - Brayden Point is hit by Ivan Provorov and loses puck.
15:27 of 1st period - Wrist shot by Ryan Johansen.
15:27 of 1st period - Stopped by Kaapo Kahkonen with a rebound.
15:29 of 1st period - Backhand shot by Travis Hamonic.
15:29 of 1st period - Stopped by Kaapo Kahkonen without a rebound.
15:30 of 1st period - Kevin Hayes wins face-off versus Colin White in Coyotes zone.
15:47 of 1st period - Ryan Johansen is hit by Tomas Tatar and loses puck.
16:14 of 1st period - Mathieu Perreault is hit by Jordan Greenway and loses puck.
16:25 of 1st period - Tyler Toffoli is hit by Drake Batherson and loses puck.
16:32 of 1st period - Tyler Toffoli is hit by Logan Couture and loses puck.
16:45 of 1st period - Matt Duchene is hit by Daniel Sprong and loses puck.
16:50 of 1st period - Snap shot by Brayden Point.
16:50 of 1st period - Shot Blocked by Darnell Nurse.
17:02 of 1st period - Matt Duchene is hit by Jordan Greenway and loses puck.
17:44 of 1st period - Matt Duchene is hit by Charlie McAvoy and loses puck.
18:05 of 1st period - T.J. Brodie is hit by Charlie McAvoy and loses puck.
18:12 of 1st period - Torey Krug is hit by Matt Duchene.
18:18 of 1st period - Evgeny Kuznetsov is hit by Charlie McAvoy and loses puck.
18:33 of 1st period - Slapshot by Samuel Honzek.
18:33 of 1st period - Shot Misses the Net.
18:35 of 1st period - Snap shot by Matt Benning.
18:35 of 1st period - Deflect By Jason Zucker.
18:35 of 1st period - Stopped by Kaapo Kahkonen without a rebound.
18:36 of 1st period - Nicolas Roy wins face-off versus Tomas Tatar in Coyotes zone.
18:37 of 1st period - Wrist shot by Daniel Sprong.
18:37 of 1st period - Stopped by Kaapo Kahkonen without a rebound.
18:38 of 1st period - Daniel Sprong wins face-off versus Tomas Tatar in Coyotes zone.
19:45 of 1st period - Dylan DeMelo is hit by Jordan Greenway and loses puck.
19:50 of 1st period - Wrist shot by Charlie McAvoy.
19:50 of 1st period - Shot Blocked by Jason Zucker.
Goals for this period are 0 for Coyotes vs 1 for Red Wings.
Shots for this period are 9 for Coyotes vs 12 for Red Wings.

2nd period


0:01 of 2nd period - Nicolas Roy wins face-off versus Matt Duchene in neutral zone.
0:26 of 2nd period - Dylan DeMelo is hit by Artem Zub.
0:39 of 2nd period - Snap shot by Evgeny Kuznetsov.
0:39 of 2nd period - Shot Misses the Net.
0:41 of 2nd period - Wrist shot by Evgeny Kuznetsov.
0:41 of 2nd period - Shot Misses the Net.
0:43 of 2nd period - Wrist shot by Tyler Toffoli.
0:43 of 2nd period - Goal by Tyler Toffoli - Coyotes : 1 - Red Wings : 1.
0:44 of 2nd period - Scott Laughton wins face-off versus Brayden Point in neutral zone.
0:47 of 2nd period - Slapshot by Darnell Nurse.
0:47 of 2nd period - Shot Misses the Net.
0:55 of 2nd period - Slapshot by Matt Benning.
0:55 of 2nd period - Deflect By Drake Batherson.
0:55 of 2nd period - Shot Misses the Net.
0:55 of 2nd period - Puck is out of play.
0:56 of 2nd period - Tomas Tatar wins face-off versus Nicolas Roy in Coyotes zone.
0:56 of 2nd period - Tomas Tatar is hit by Matt Benning.
1:06 of 2nd period - Slapshot by Daniel Sprong.
1:06 of 2nd period - Shot Misses the Net.
1:22 of 2nd period - Scott Laughton is hit by Travis Hamonic and loses puck.
1:47 of 2nd period - Wrist shot by Scott Laughton.
1:47 of 2nd period - Stopped by Casey Desmith with a rebound.
1:49 of 2nd period - Slapshot by Ivan Provorov.
1:49 of 2nd period - Deflect By Scott Laughton.
1:49 of 2nd period - Shot Misses the Net.
1:49 of 2nd period - Puck is out of play.
1:50 of 2nd period - Tomas Tatar wins face-off versus Samuel Honzek in Red Wings zone.
1:51 of 2nd period - Snap shot by Alexander Barabanov.
1:51 of 2nd period - Shot Blocked by Philip Tomasino.
2:03 of 2nd period - Slapshot by Philip Tomasino.
2:03 of 2nd period - Deflect By Samuel Honzek.
2:03 of 2nd period - Shot Misses the Net.
2:03 of 2nd period - Puck is out of play.
2:04 of 2nd period - Matt Duchene wins face-off versus Nicolas Roy in Coyotes zone.
2:10 of 2nd period - Off-side.
2:11 of 2nd period - Matt Duchene wins face-off versus Nicolas Roy in neutral zone.
2:36 of 2nd period - T.J. Brodie is hit by Artem Zub and loses puck.
2:57 of 2nd period - Wrist shot by Jason Zucker.
2:57 of 2nd period - Stopped by Casey Desmith without a rebound.
2:58 of 2nd period - Kevin Hayes wins face-off versus Scott Laughton in Red Wings zone.
2:58 of 2nd period - Kevin Hayes is hit by Darnell Nurse.
3:08 of 2nd period - Slapshot by Kevin Hayes.
3:08 of 2nd period - Shot Misses the Net.
3:23 of 2nd period - Wrist shot by Ryan Johansen.
3:23 of 2nd period - Stopped by Kaapo Kahkonen without a rebound.
3:24 of 2nd period - Nicolas Roy wins face-off versus Tomas Tatar in Coyotes zone.
3:31 of 2nd period - Snap shot by Daniel Sprong.
3:31 of 2nd period - Stopped by Kaapo Kahkonen with a rebound.
3:37 of 2nd period - Wrist shot by Nicolas Roy.
3:37 of 2nd period - Stopped by Kaapo Kahkonen with a rebound.
3:39 of 2nd period - Slapshot by Matt Benning.
3:39 of 2nd period - Deflect By Nicolas Roy.
3:39 of 2nd period - Stopped by Kaapo Kahkonen with a rebound.
4:10 of 2nd period - Snap shot by Kevin Hayes.
4:10 of 2nd period - Shot Hit the Post.
4:16 of 2nd period - Slapshot by Ryan Johansen.
4:16 of 2nd period - Shot Misses the Net.
4:49 of 2nd period - Tomas Tatar is hit by Nicolas Roy and loses puck.
5:16 of 2nd period - Marco Scandella is hit by Artem Zub and loses puck.
5:31 of 2nd period - Marco Scandella is hit by Philip Tomasino.
5:37 of 2nd period - Wrist shot by Samuel Honzek.
5:37 of 2nd period - Stopped by Kaapo Kahkonen with a rebound.
5:53 of 2nd period - Olli Maatta is hit by Daniel Sprong.
6:03 of 2nd period - Patric Hornqvist is hit by Artem Zub and loses puck.
6:24 of 2nd period - Snap shot by Tomas Tatar.
6:24 of 2nd period - Stopped by Casey Desmith with a rebound.
6:34 of 2nd period - Backhand shot by Tyler Toffoli.
6:34 of 2nd period - Stopped by Casey Desmith with a rebound.
6:36 of 2nd period - Slapshot by T.J. Brodie.
6:36 of 2nd period - Stopped by Casey Desmith without a rebound.
6:37 of 2nd period - Matt Duchene wins face-off versus Brayden Point in Red Wings zone.
7:38 of 2nd period - Samuel Honzek is hit by Darnell Nurse and loses puck.
8:42 of 2nd period - Wrist shot by Kevin Hayes.
8:42 of 2nd period - Shot Blocked by Mathieu Perreault.
8:44 of 2nd period - Slapshot by Matt Benning.
8:44 of 2nd period - Shot Misses the Net.
9:10 of 2nd period - Evgeny Kuznetsov is hit by Mario Ferraro.
9:29 of 2nd period - Off-side.
9:30 of 2nd period - Tomas Tatar wins face-off versus Nicolas Roy in neutral zone.
9:37 of 2nd period - Snap shot by Jason Zucker.
9:37 of 2nd period - Shot Blocked by Charlie McAvoy.
9:41 of 2nd period - Snap shot by Tomas Tatar.
9:41 of 2nd period - Stopped by Casey Desmith with a rebound.
9:43 of 2nd period - Backhand shot by Tomas Tatar.
9:43 of 2nd period - Stopped by Casey Desmith with a rebound.
9:45 of 2nd period - Slapshot by Alexander Barabanov.
9:45 of 2nd period - Deflect By Luke Evangelista.
9:45 of 2nd period - Shot Blocked by Charlie McAvoy.
9:45 of 2nd period - Puck is out of play.
9:46 of 2nd period - Brayden Point wins face-off versus Scott Laughton in Red Wings zone.
9:57 of 2nd period - Slapshot by Darnell Nurse.
9:57 of 2nd period - Shot Misses the Net.
9:59 of 2nd period - Snap shot by Scott Laughton.
9:59 of 2nd period - Shot Blocked by Torey Krug.
10:56 of 2nd period - Slapshot by Brayden Point.
10:56 of 2nd period - Stopped by Kaapo Kahkonen without a rebound.
10:57 of 2nd period - Matt Duchene wins face-off versus Brayden Point in Coyotes zone.
11:14 of 2nd period - Icing by Drake Batherson.
11:15 of 2nd period - Scott Laughton wins face-off versus Brayden Point in Red Wings zone.
11:24 of 2nd period - Wrist shot by Scott Laughton.
11:24 of 2nd period - Shot Misses the Net.
11:32 of 2nd period - Scott Laughton is hit by Drake Batherson and loses puck.
12:31 of 2nd period - Backhand shot by Drake Batherson.
12:31 of 2nd period - Stopped by Kaapo Kahkonen with a rebound.
12:33 of 2nd period - Snap shot by Brayden Point.
12:33 of 2nd period - Shot Misses the Net.
12:35 of 2nd period - Snap shot by Logan Couture.
12:35 of 2nd period - Shot Misses the Net.
12:37 of 2nd period - Wrist shot by Matt Benning.
12:37 of 2nd period - Stopped by Kaapo Kahkonen without a rebound.
12:38 of 2nd period - Matt Duchene wins face-off versus Nicolas Roy in Coyotes zone.
12:47 of 2nd period - Tyler Toffoli is hit by Daniel Sprong and loses puck.
13:00 of 2nd period - Ivan Provorov is hit by Charlie McAvoy and loses puck.
13:28 of 2nd period - Icing by Darnell Nurse.
13:29 of 2nd period - Tomas Tatar wins face-off versus Samuel Honzek in Coyotes zone.
14:19 of 2nd period - Snap shot by Tyler Toffoli.
14:19 of 2nd period - Stopped by Casey Desmith with a rebound.
14:31 of 2nd period - Dylan DeMelo is hit by Matt Benning and loses puck.
14:48 of 2nd period - Luke Evangelista is hit by Scott Laughton and loses puck.
15:07 of 2nd period - Logan Couture is hit by Evgeny Kuznetsov.
16:13 of 2nd period - Snap shot by Drake Batherson.
16:13 of 2nd period - Stopped by Kaapo Kahkonen with a rebound.
16:15 of 2nd period - Slapshot by Drake Batherson.
16:15 of 2nd period - Shot Misses the Net.
16:17 of 2nd period - Snap shot by Drake Batherson.
16:17 of 2nd period - Shot Blocked by Tyler Toffoli.
16:33 of 2nd period - Snap shot by Ilya Mikheyev.
16:33 of 2nd period - Stopped by Kaapo Kahkonen with a rebound.
16:58 of 2nd period - Snap shot by Tyler Toffoli.
16:58 of 2nd period - Shot Misses the Net.
17:08 of 2nd period - Samuel Honzek is hit by Evgeny Kuznetsov and loses puck.
18:10 of 2nd period - Marco Scandella is hit by Charlie McAvoy and loses puck.
18:15 of 2nd period - Wrist shot by Kevin Hayes.
18:15 of 2nd period - Stopped by Kaapo Kahkonen with a rebound.
18:17 of 2nd period - Wrist shot by Kevin Hayes.
18:17 of 2nd period - Stopped by Kaapo Kahkonen without a rebound.
18:18 of 2nd period - Kevin Hayes wins face-off versus Tomas Tatar in Coyotes zone.
18:19 of 2nd period - Wrist shot by Ryan Johansen.
18:19 of 2nd period - Shot Misses the Net.
18:47 of 2nd period - Icing by Artem Zub.
18:48 of 2nd period - Nicolas Roy wins face-off versus Scott Laughton in Red Wings zone.
18:48 of 2nd period - Nicolas Roy is hit by Patric Hornqvist.
19:00 of 2nd period - Slapshot by Marco Scandella.
19:00 of 2nd period - Shot Blocked by Mario Ferraro.
19:05 of 2nd period - Off-side.
19:06 of 2nd period - Matt Duchene wins face-off versus Kevin Hayes in neutral zone.
19:09 of 2nd period - Charlie McAvoy is hit by Dylan DeMelo and loses puck.
19:14 of 2nd period - Snap shot by Tyler Toffoli.
19:14 of 2nd period - Stopped by Casey Desmith with a rebound.
19:16 of 2nd period - Snap shot by T.J. Brodie.
19:16 of 2nd period - Stopped by Casey Desmith without a rebound.
19:17 of 2nd period - Kevin Hayes wins face-off versus Matt Duchene in Red Wings zone.
Goals for this period are 1 for Coyotes vs 0 for Red Wings.
Shots for this period are 11 for Coyotes vs 12 for Red Wings.

3rd period


0:01 of 3rd period - Matt Duchene wins face-off versus Kevin Hayes in neutral zone.
0:11 of 3rd period - Wrist shot by Kevin Hayes.
0:11 of 3rd period - Stopped by Kaapo Kahkonen with a rebound.
0:13 of 3rd period - Wrist shot by Mario Ferraro.
0:13 of 3rd period - Shot Misses the Net.
0:15 of 3rd period - Slapshot by Artem Zub.
0:15 of 3rd period - Shot Blocked by Tyler Toffoli.
0:29 of 3rd period - Snap shot by Brayden Point.
0:29 of 3rd period - Shot Misses the Net.
0:31 of 3rd period - Slapshot by Charlie McAvoy.
0:31 of 3rd period - Shot Blocked by Jason Zucker.
0:33 of 3rd period - Slapshot by Drake Batherson.
0:33 of 3rd period - Goal by Drake Batherson - Coyotes : 1 - Red Wings : 2.
0:34 of 3rd period - Nicolas Roy wins face-off versus Matt Duchene in neutral zone.
0:41 of 3rd period - Snap shot by Daniel Sprong.
0:41 of 3rd period - Stopped by Kaapo Kahkonen with a rebound.
1:15 of 3rd period - Wrist shot by Kevin Hayes.
1:15 of 3rd period - Shot Blocked by Marco Scandella.
1:25 of 3rd period - Mario Ferraro is hit by Jason Zucker.
1:33 of 3rd period - Snap shot by Logan Couture.
1:33 of 3rd period - Stopped by Kaapo Kahkonen without a rebound.
1:34 of 3rd period - Matt Duchene wins face-off versus Nicolas Roy in Coyotes zone.
1:47 of 3rd period - Slapshot by Tyler Toffoli.
1:47 of 3rd period - Shot Misses the Net.
1:49 of 3rd period - Snap shot by Evgeny Kuznetsov.
1:49 of 3rd period - Shot Misses the Net.
2:13 of 3rd period - Snap shot by Brayden Point.
2:13 of 3rd period - Stopped by Kaapo Kahkonen with a rebound.
2:33 of 3rd period - Snap shot by Patric Hornqvist.
2:33 of 3rd period - Stopped by Casey Desmith with a rebound.
2:39 of 3rd period - Slapshot by Patric Hornqvist.
2:39 of 3rd period - Stopped by Casey Desmith with a rebound.
2:43 of 3rd period - Snap shot by Patric Hornqvist.
2:43 of 3rd period - Stopped by Casey Desmith with a rebound.
2:45 of 3rd period - Wrist shot by Patric Hornqvist.
2:45 of 3rd period - Shot Misses the Net.
2:47 of 3rd period - Slapshot by Ivan Provorov.
2:47 of 3rd period - Stopped by Casey Desmith without a rebound.
2:48 of 3rd period - Kevin Hayes wins face-off versus Matt Duchene in Red Wings zone.
4:00 of 3rd period - Wrist shot by Alexander Barabanov.
4:00 of 3rd period - Shot Misses the Net.
4:02 of 3rd period - Wrist shot by Alexander Barabanov.
4:02 of 3rd period - Stopped by Casey Desmith with a rebound.
4:04 of 3rd period - Wrist shot by Jason Zucker.
4:04 of 3rd period - Stopped by Casey Desmith with a rebound.
4:06 of 3rd period - Snap shot by Alexander Barabanov.
4:06 of 3rd period - Shot Misses the Net.
4:08 of 3rd period - Wrist shot by Alexander Barabanov.
4:08 of 3rd period - Shot Blocked by Jordan Greenway.
4:57 of 3rd period - T.J. Brodie is hit by Luke Evangelista and loses puck.
5:12 of 3rd period - Jason Zucker is hit by Mario Ferraro.
5:41 of 3rd period - Matt Benning is hit by Patric Hornqvist and loses puck.
6:38 of 3rd period - Alexander Barabanov is hit by Brayden Point and loses puck.
7:23 of 3rd period - Slapshot by Charlie McAvoy.
7:23 of 3rd period - Stopped by Kaapo Kahkonen without a rebound.
7:24 of 3rd period - Kevin Hayes wins face-off versus Matt Duchene in Coyotes zone.
7:48 of 3rd period - Torey Krug is hit by Mathieu Perreault.
8:10 of 3rd period - Snap shot by Alexander Barabanov.
8:10 of 3rd period - Goal by Alexander Barabanov - Coyotes : 2 - Red Wings : 2.
8:11 of 3rd period - Matt Duchene wins face-off versus Kevin Hayes in neutral zone.
8:16 of 3rd period - Wrist shot by Kevin Hayes.
8:16 of 3rd period - Stopped by Kaapo Kahkonen without a rebound.
8:17 of 3rd period - Kevin Hayes wins face-off versus Matt Duchene in Coyotes zone.
8:48 of 3rd period - Backhand shot by Ryan Johansen.
8:48 of 3rd period - Shot Misses the Net.
8:59 of 3rd period - Snap shot by Kevin Hayes.
8:59 of 3rd period - Stopped by Kaapo Kahkonen without a rebound.
9:00 of 3rd period - Nicolas Roy wins face-off versus Alexander Barabanov in Coyotes zone.
9:00 of 3rd period - Nicolas Roy is hit by Tomas Tatar.
9:05 of 3rd period - Minor Penalty to Tomas Tatar for Roughing.
9:06 of 3rd period - Evgeny Kuznetsov wins face-off versus Brayden Point in Coyotes zone.
9:15 of 3rd period - Off-side.
9:16 of 3rd period - Brayden Point wins face-off versus Tyler Toffoli in neutral zone.
10:16 of 3rd period - Snap shot by Brayden Point.
10:16 of 3rd period - Goal by Brayden Point - Coyotes : 2 - Red Wings : 3.
10:17 of 3rd period - Nicolas Roy wins face-off versus Tomas Tatar in neutral zone.
10:19 of 3rd period - Off-side.
10:20 of 3rd period - Tomas Tatar wins face-off versus Nicolas Roy in neutral zone.
10:23 of 3rd period - Snap shot by Jason Zucker.
10:23 of 3rd period - Stopped by Casey Desmith without a rebound.
10:24 of 3rd period - Nicolas Roy wins face-off versus Alexander Barabanov in Red Wings zone.
10:29 of 3rd period - Slapshot by Tomas Tatar.
10:29 of 3rd period - Shot Misses the Net.
10:31 of 3rd period - Slapshot by Darnell Nurse.
10:31 of 3rd period - Stopped by Casey Desmith with a rebound.
10:47 of 3rd period - Snap shot by Nicolas Roy.
10:47 of 3rd period - Shot Misses the Net.
10:55 of 3rd period - Wrist shot by Tomas Tatar.
10:55 of 3rd period - Shot Misses the Net.
10:57 of 3rd period - Snap shot by Alexander Barabanov.
10:57 of 3rd period - Deflect By Tomas Tatar.
10:57 of 3rd period - Shot Blocked by Nicolas Roy.
10:57 of 3rd period - Puck is out of play.
10:58 of 3rd period - Matt Duchene wins face-off versus Brayden Point in Red Wings zone.
11:32 of 3rd period - Snap shot by Kevin Hayes.
11:32 of 3rd period - Shot Blocked by Scott Laughton.
11:34 of 3rd period - Slapshot by Ilya Mikheyev.
11:34 of 3rd period - Shot Blocked by Olli Maatta.
11:54 of 3rd period - Wrist shot by Philip Tomasino.
11:54 of 3rd period - Stopped by Kaapo Kahkonen with a rebound.
12:05 of 3rd period - Icing by Daniel Sprong.
12:06 of 3rd period - Nicolas Roy wins face-off versus Matt Duchene in Red Wings zone.
12:06 of 3rd period - Nicolas Roy is hit by Ivan Provorov.
12:14 of 3rd period - Tyler Toffoli is hit by Daniel Sprong.
12:34 of 3rd period - Snap shot by Drake Batherson.
12:34 of 3rd period - Shot Misses the Net.
13:50 of 3rd period - Slapshot by Evgeny Kuznetsov.
13:50 of 3rd period - Stopped by Casey Desmith with a rebound.
13:52 of 3rd period - Snap shot by Matt Duchene.
13:52 of 3rd period - Stopped by Casey Desmith without a rebound.
13:53 of 3rd period - Jason Zucker wins face-off versus Kevin Hayes in Red Wings zone.
15:04 of 3rd period - Samuel Honzek is hit by Darnell Nurse and loses puck.
15:32 of 3rd period - Backhand shot by Evgeny Kuznetsov.
15:32 of 3rd period - Shot Misses the Net.
15:34 of 3rd period - Wrist shot by Evgeny Kuznetsov.
15:34 of 3rd period - Shot Blocked by Ilya Mikheyev.
15:54 of 3rd period - Wrist shot by Patric Hornqvist.
15:54 of 3rd period - Shot Blocked by Ryan Johansen.
15:58 of 3rd period - Snap shot by Patric Hornqvist.
15:58 of 3rd period - Shot Misses the Net.
16:00 of 3rd period - Wrist shot by Mathieu Perreault.
16:00 of 3rd period - Goal by Mathieu Perreault - Coyotes : 3 - Red Wings : 3.
16:01 of 3rd period - Scott Laughton wins face-off versus Nicolas Roy in neutral zone.
16:53 of 3rd period - Tomas Tatar is hit by Ilya Mikheyev.
17:32 of 3rd period - Scott Laughton is hit by Daniel Sprong and loses puck.
17:57 of 3rd period - Matt Benning is hit by Ivan Provorov and loses puck.
19:57 of 3rd period - Tyler Toffoli is hit by Ilya Mikheyev and loses puck.
Goals for this period are 2 for Coyotes vs 2 for Red Wings.
Shots for this period are 12 for Coyotes vs 10 for Red Wings.

Overtime #1


0:01 of 1st overtime period - Brayden Point wins face-off versus Matt Duchene in neutral zone.
0:06 of 1st overtime period - Wrist shot by Brayden Point.
0:06 of 1st overtime period - Shot Misses the Net.
0:47 of 1st overtime period - Snap shot by Kevin Hayes.
0:47 of 1st overtime period - Goal by Kevin Hayes - Coyotes : 3 - Red Wings : 4.
Goals for this period are 0 for Coyotes vs 1 for Red Wings.
Shots for this period are 0 for Coyotes vs 1 for Red Wings.